 Dungeon Crawl Stone Soup version 0.29-a0-275-g389c0b56f3 (webtiles) character file.

Game seed: 17857516926728328668

121 Hasart the Shooter (level 4, -3/37 HPs)
             Began as a Demigod Hunter on Mar 9, 2022.
             Killed by divine providence
             ... invoked by an orc priest
              (14 damage)
             ... on level 3 of the Dungeon.
             The game lasted 00:08:19 (2378 turns).

Hasart the Shooter (Demigod Hunter)                 Turns: 2378, Time: 00:08:20

Health: -3/37      AC:  4    Str: 13    XL:     4   Next: 48%
Magic:  6/6        EV: 12    Int: 13    God:
Gold:   84         SH:  0    Dex: 18    Spells: 3/3 levels left

rFire   . . .      SeeInvis .   a - +1 shortbow
rCold   . . .      Faith    .   (shield currently unavailable)
rNeg    . . .      Spirit   .   b - +0 leather armour
rPois   +          Reflect  .   (no helmet)
rElec   .          Harm     .   (no cloak)
rCorr   .          Rampage  .   (no gloves)
Will    .....                   i - +0 pair of boots
Stlth   ++........              (no amulet)
HPRegen 0.12/turn               f - ring of poison resistance
MPRegen 0.10/turn               m - ring of flight

@: flying
A: high MP 1, forlorn, divine attributes
a: no special abilities


You were on level 3 of the Dungeon.
You visited 1 branch of the dungeon, and saw 3 of its levels.

You collected 138 gold pieces.
You spent 54 gold pieces at shops.

Inventory:

Hand Weapons
 a - a +1 shortbow (weapon)
Missiles
 k - a throwing net
Armour
 b - a +0 leather armour (worn)
 i - a +0 pair of boots (worn)
Jewellery
 f - a ring of poison resistance (left hand)
 m - a ring of flight (right hand)
Scrolls
 c - a scroll of immolation
 h - a scroll of fear
 l - a scroll of identify {unknown}
Potions
 d - a potion of berserk rage {unknown}
 e - a potion of heal wounds {unknown}
 g - a potion of degeneration {unknown}
 j - a potion of curing {unknown}


   Skills:
 + Level 2.5 Fighting
 * Level 4.5 Bows
 + Level 2.5 Dodging
 + Level 2.1 Stealth


You had 3 spell levels left.
You didn't know any spells.
Your spell library contained the following spells:

 Spells                   Type           Power      Damage    Failure   Level
 Sandblast                Erth           0%         2d4       36%         1
 Passwall                 Tmut/Erth      0%         N/A       52%         2
 Stone Arrow              Conj/Erth      0%         3d7       75%         3


Dungeon Overview and Level Annotations

Branches:
Dungeon (3/15)

Shops:
D:3 *


Innate Abilities, Weirdness & Mutations

You have an increased reservoir of magic. (+10% MP)
You shall have no god before yourself.
Your divine heritage dramatically boosts your attributes as you level up.


Message History

No target in view!
No target in view!
No target in view!
Things that are here:
a bat corpse; a jackal corpse
Found a stone staircase leading down.
Found a mace.
An orc priest comes into view. It is wielding a +0 mace.
Found 11 stones.
An orc priest is nearby!
You shoot an arrow. The orc priest shouts!
The arrow hits the orc priest.
The orc priest is lightly wounded.
You hear a shout!
An orc comes into view. It is wielding a +0 vorpal falchion.
You hear a shout!
You shoot an arrow. The arrow barely misses the orc priest.
You shoot an arrow. The arrow hits the orc priest.
The orc priest is moderately wounded.
You shoot an arrow. The arrow hits the orc priest.
The orc priest is moderately wounded.
The orc priest calls down the wrath of Beogh upon you.
Beogh smites you!
An orc priest comes into view.
It is wielding a +0 short sword of venom.
You shoot an arrow.
The arrow hits the orc priest but does no damage.
The orc priest is moderately wounded.
The orc priest calls down the wrath of Beogh upon you.
Beogh smites you!
You are too injured to fight recklessly!
Unknown command.
You are too injured to fight recklessly!
Unknown command.
The orc priest mumbles some strange prayers to Beogh against you.
Pain shoots through your body!
* * * LOW HITPOINT WARNING * * *
The orc priest mumbles some strange prayers to Beogh against you.
Beogh smites you!
You die...

#...oo.(...†...#
##.............#
######o##.#######
....)..o..#
######.#.# #.#.#
#...# ##..# #.@#
####


You could see an orc priest and an orc.

Vanquished Creatures
  4 gnolls (D:3)
  2 adders (D:2)
  A worm (D:2)
  2 dart slugs (D:1)
  3 endoplasms
  2 giant cockroaches
  5 hobgoblins
  6 jackals (D:3)
  2 quokkas
  7 ball pythons
  4 bats
  2 frilled lizards
  3 goblins
  6 kobolds
  9 rats
58 creatures vanquished.

Notes
Turn   | Place    | Note
-------+----------+-------------------------------------------
     0 | D:1      | Hasart the Demigod Hunter began the quest for the Orb.
     0 | D:1      | Reached XP level 1. HP: 17/17 MP: 3/3
   189 | D:1      | Reached skill level 1 in Stealth
   331 | D:1      | Upgraded the game from 0.29-a0-271-gd4eb659eea to
                  | 0.29-a0-275-g389c0b56f3
   352 | D:1      | Reached XP level 2. HP: 24/24 MP: 4/4
   599 | D:1      | Reached skill level 4 in Bows
   885 | D:2      | Reached XP level 3. HP: 13/29 MP: 5/5
  2069 | D:3      | Found Ozxoidocs's Assorted Antiques.
  2074 | D:3      | Bought a scroll labelled TUNTIUVVI FUMP for 27 gold pieces
  2074 | D:3      | Bought a scroll labelled ALENO UN VOTS for 27 gold pieces
  2165 | D:3      | Reached XP level 4. HP: 37/37 MP: 6/6
  2378 | D:3      | Killed from afar by an orc priest

Illustrated notes

Levels and vault maps discovered:
D:1:      minmay_arrival_three_doors, layout_rooms
D:2:      layout_loops_ring, basic_altar, serial_co_window_serial,
          co_window_paths_a, co_window_paths_a, co_window_paths_a,
          co_window_corner_a, co_window_paths_a, co_window_unsneaky_path_b,
          co_window_2corner, co_window_corner_b, co_window_broadway_b,
          co_window_2corner, co_window_cross_2, co_window_4corner_a
D:3:      layout_basic, grunt_dithmenos_smoke_and_mirrors, serial_shops, shop

Skill      XL: |  1  2  3  4 |
---------------+-------------+-----
Stealth        | 1 2 |  2.1
Dodging        | 2 |  2.5
Fighting       | 2 |  2.5
Bows           | 4 |  4.5

Action                   |  1- 3 |  4- 6 || total
-------------------------+-------+-------++-------
 Fire: Shortbow          |   114 |    38 ||   152
  Use: Scroll            |     6 |       ||     6
Armor: Leather armour    |     7 |     6 ||    13
Dodge: Dodged            |    33 |    11 ||    44

Table legend: (Time is in decaauts)
 A = Elapsed time spent in this place.
 B = Non-inter-level travel time spent in this place.
 C = Inter-level travel time spent in this place.
 D = Time resting spent in this place.
 E = Time spent auto-exploring this place.
 F = Levels seen in this place.
 G = Mean time per level.
                   A        B        C        D        E       F      G
               +--------+--------+--------+--------+--------+-----+--------+
         Total |   2426 |   2356 |     70 |      0 |   2021 |   3 |  808.7 |
       Dungeon |   2426 |   2356 |     70 |      0 |   2021 |   3 |  808.7 |
               +--------+--------+--------+--------+--------+-----+--------+

Top non-repeatable levels by time:
     D:2: 1444 daAuts
     D:1: 657 daAuts
     D:3: 324 daAuts
